[Event "*** SCC Grand Prix: Titled Tuesday Blitz"]
[Site "Chess.com"]
[Date "2020.06.09"]
[Round "5"]
[White "Julianos82"]
[Black "thedjoker98"]
[Result "0-1"]
[WhiteElo "2381"]
[BlackElo "2545"]
[TimeControl "180+1"]
[EndTime "9:55:48 PDT"]
[Termination "thedjoker98 won by resignation"]

1. d4 d5 2. Bf4 Nf6 3. e3 e6 4. Nd2 c5 5. c3 Nc6 6. Ngf3 Bd6 7. Bg3 O-O 8. Bd3 b6 9. Ne5 Bb7 10. O-O Ne7 11. Qf3 Nf5 12. Bxf5 exf5 13. Qxf5 Ne4 14. Nxe4 dxe4 15. Ng4 Bxg3 16. fxg3 cxd4 17.
cxd4 f6 18. Rac1 Qe7 19. Rc3 Rac8 20. Rfc1 Rxc3 21. Rxc3 Kh8 22. Qf4 Rc8 23. h4 h5 24.
Nf2 Qb4 25. Rxc8+ Bxc8 26. Nxe4 Qxb2 27. Nxf6 Qc1+ 28. Kh2 gxf6 29. Qxf6+ Kg8 30. e4 Qc7 31. Qg5+ Qg7 32. Qxh5 Bb7 33. d5 Qf7 34. Qg5+ Kh7 35.
h5 a5 36. g4 b5 37. d6 Bxe4 38. Qxb5 Qf4+ 39. Kh3 Qe3+ 40. g3 Bd3 41. Qd7+ Kh6 42. g5+ Qxg5 43. Qg4 Bf5 0-1

[Event "*** SCC Grand Prix: Titled Tuesday Blitz"]
[Site "Chess.com"]
[Date "2020.06.09"]
[Round "5"]
[White "Alexey_Spirin"]
[Black "gm_rashid"]
[Result "0-1"]
[WhiteElo "2044"]
[BlackElo "2357"]
[TimeControl "180+1"]
[EndTime "9:55:48 PDT"]
[Termination "gm_rashid won by resignation"]

1. e4 e5 2. Nf3 Nc6 3. Bc4 Bc5 4. O-O Nf6 5. d3 d6 6. c3 O-O 7. Nbd2 a6 8. Bb3 Be6 9. Bc2 h6 10. Re1 Ng4 11. Re2 Bxf2+ 12. Rxf2 Ne3 13. Qe2 Nxc2 14.
Rb1 Bxa2 15. g3 b5 16. b4 Bxb1 17. Nxb1 N2xb4 18. cxb4 a5 19. bxa5 Rxa5 20. Kg2 b4 21. Nbd2 Ra2 22. Qd1 Qa8 23. Qb3 Qa4 24. Qxa4 Rxa4 25.
Nc4 Na5 26. Nfd2 Nxc4 27. Nxc4 b3 28. Rb2 Ra2 29. Kf3 Rxb2 30. Bxb2 f5 31. exf5 Rxf5+ 32. Ke3 g5 33. Nd2 Rf8 34. Bc3 Rb8 35. Bb2 Kf7 36. Ke4 Ke6 37. g4 d5+ 38. Ke3 c5 39.
Nf3 d4+ 40. Ke2 Kd5 41. Nd2 Ra8 42. Kf3 Ra2 43. Nc4 e4+ 44. dxe4+ Kxc4 0-1

[Event "*** SCC Grand Prix: Titled Tuesday Blitz"]
[Site "Chess.com"]
[Date "2020.06.09"]
[Round "5"]
[White "Hrant_ChessMood"]
[Black "GigaQuparadze"]
[Result "1-0"]
[WhiteElo "3085"]
[BlackElo "2840"]
[TimeControl "180+1"]
[EndTime "9:55:49 PDT"]
[Termination "Hrant_ChessMood won by resignation"]

1. d4 Nf6 2. Nf3 e6 3. g3 c5 4. Bg2 b5 5. O-O Bb7 6. c3 Be7 7. Bg5 cxd4 8. cxd4 Nc6 9. Nc3 b4 10. Bxf6 gxf6 11. Ne4 O-O 12. Rc1 Rc8 13. Nc5 Ba8 14.
Qd2 d6 15. Nd3 Qb6 16. Nf4 Kh8 17. d5 Na5 18. dxe6 Nc4 19. Qd4 Bxf3 20. Rxc4 Bxg2 21. Kxg2 Qxd4 22. Rxd4 fxe6 23. Nxe6 Rfe8 24. Rxb4 Rc2 25. Nd4 Rc7 26. Rd1 d5 27. Rb3 Rc4 28. e3 Bc5 29. Rbd3 Ra4 30. a3 Rb8 31. R1d2 Bxd4 32. Rxd4 Rxd4 33. Rxd4 Rxb2 34. Rxd5 Rb7 35. Ra5 Kg7 36. g4 Kg6 37. h4 Re7 38. Kg3 h6 39.
h5+ Kf7 40. Kf4 Rd7 41. e4 Ke6 42. Ra6+ Ke7 43. Kf5 Rd2 44. Rxa7+ 1-0

[Event "*** SCC Grand Prix: Titled Tuesday Blitz"]
[Site "Chess.com"]
[Date "2020.06.09"]
[Round "5"]
[White "Bathory44"]
[Black "SaqoChess_Twitch"]
[Result "1-0"]
[WhiteElo "2589"]
[BlackElo "2418"]
[TimeControl "180+1"]
[EndTime "9:55:49 PDT"]
[Termination "Bathory44 won by resignation"]

1. e4 c5 2. c3 d5 3. exd5 Qxd5 4. d4 e6 5. Nf3 Nf6 6. Bd3 Nc6 7. Be3 cxd4 8.
cxd4 Be7 9. Nc3 Qd6 10. a3 O-O 11. O-O a6 12. Qe2 b5 13. Rad1 Bb7 14. h3 Rac8 15. Bb1 Rfd8 16. Rfe1 Na5 17. Ne5 Nc4 18. Bf4 Nxe5 19. dxe5 Qc6 20. f3 Nd5 21. Nxd5 exd5 22. Bf5 Ra8 23. e6 fxe6 24. Bxe6+ Kh8 25. Kh1 Bf6 26. Rc1 Qe8 27. Rc7 Bc8 28. Bxd5 Qxe2 29. Rxe2 g5 30. Bg3 Bf5 31. Bxa8 Rxa8 32. Rf7 Bd3 33. Rd2 Bd4 34. Rxd3 Bc5 35. Rdd7 Re8 36. Rxh7+ Kg8 37. Rdg7+ Kf8 38. Rh8+ Kxg7 39. Rxe8 1-0

[Event "*** SCC Grand Prix: Titled Tuesday Blitz"]
[Site "Chess.com"]
[Date "2020.06.09"]
[Round "5"]
[White "KobyKalavannan"]
[Black "GrigorGrigorov"]
[Result "0-1"]
[WhiteElo "2519"]
[BlackElo "2739"]
[TimeControl "180+1"]
[EndTime "9:55:50 PDT"]
[Termination "GrigorGrigorov won by resignation"]

1. d4 Nf6 2. c4 e6 3. g3 d5 4.
Bg2 dxc4 5. Qa4+ Nbd7 6. Nf3 a6 7. Qxc4 b5 8. Qc6 Rb8 9. Bf4 Bb7 10. Qc2 Rc8 11.
O-O c5 12. dxc5 Bxc5 13. Qd3 O-O 14. a3 Qb6 15. b4 Be7 16. Nc3 Rfd8 17. Rac1 Ne5 18.
Qb1 Nc4 19. Qa2 Nh5 20. Ne5 Bxg2 21. Kxg2 Nxf4+ 22. gxf4 Nxe5 23. fxe5 Qd4 24. e3 Qg4+ 25. Kh1 Qf3+ 26. Kg1 Rc4 27. Ne2 Rg4+ 28. Ng3 h5 29. Rc7 h4 30. Rxe7 h3 31. Qd5 exd5 0-1

[Event "*** SCC Grand Prix: Titled Tuesday Blitz"]
[Site "Chess.com"]
[Date "2020.06.09"]
[Round "5"]
[White "Pudor"]
[Black "DonPreuss"]
[Result "0-1"]
[WhiteElo "2379"]
[BlackElo "2223"]
[TimeControl "180+1"]
[EndTime "9:55:50 PDT"]
[Termination "DonPreuss won by resignation"]

1. d4 Nc6 2. d5 Ne5 3. e4 Ng6 4. f4 e5 5. dxe6 fxe6 6. Nf3 Bc5 7. Nc3 a6 8. Bd3 N8e7 9. Qe2 O-O 10. g3 b5 11. Be3 Bxe3 12. Qxe3 Bb7 13. O-O d5 14.
Rfe1 Rc8 15. Ng5 d4 16. Nxe6 dxe3 17. Nxd8 Rfxd8 18. Rxe3 c5 19. e5 c4 20. Bf1 Rd2 21. Bh3 Rcd8 22. f5 Nf8 23. f6 gxf6 24. exf6 Neg6 25. Rf1 Rxc2 26. f7+ Kg7 27. Re8 Rdd2 28.
Rb8 Bg2 29. Nb1 Bxh3 30. Nxd2 Rxd2 31. Re1 Rg2+ 32. Kh1 Rxb2 33. Ra1 c3 34. Rb6 c2 35. Rc6 Rb1+ 0-1

[Event "*** SCC Grand Prix: Titled Tuesday Blitz"]
[Site "Chess.com"]
[Date "2020.06.09"]
[Round "5"]
[White "attack2mateU"]
[Black "IriBu"]
[Result "1-0"]
[WhiteElo "2714"]
[BlackElo "2529"]
[TimeControl "180+1"]
[EndTime "9:55:52 PDT"]
[Termination "attack2mateU won by resignation"]

1. e4 Nf6 2. e5 Nd5 3. d4 d6 4.
Nf3 Bg4 5. Be2 c6 6. O-O Bxf3 7. Bxf3 dxe5 8. dxe5 e6 9. Nd2 Nd7 10. Re1 Qc7 11.
Qe2 Ne7 12. Nc4 Ng6 13. a4 Bc5 14. g3 a5 15. h4 h6 16. Bh5 Ne7 17. Nd6+ Bxd6 18.
exd6 Qxd6 19. Bf4 e5 20. Rad1 Qe6 21. Bxe5 Kf8 22. Bd6 Qxe2 23. Rxe2 Re8 24. Rde1 g6 25. Rxe7 Rxe7 26. Rxe7 gxh5 27. Rxd7+ Kg7 28. Be5+ Kg6 29. Bxh8 1-0

[Event "*** SCC Grand Prix: Titled Tuesday Blitz"]
[Site "Chess.com"]
[Date "2020.06.09"]
[Round "5"]
[White "LuckSlayeer"]
[Black "GMKrikor"]
[Result "0-1"]
[WhiteElo "2455"]
[BlackElo "2723"]
[TimeControl "180+1"]
[EndTime "9:55:53 PDT"]
[Termination "GMKrikor won on time"]

1. Nf3 c5 2. c4 Nc6 3. Nc3 Nf6 4. e3 e6 5. d4 d5 6. a3 cxd4 7. exd4 Be7 8. Bd3 O-O 9. O-O dxc4 10. Bxc4 Nd5 11.
Re1 Bf6 12. Bb3 Nce7 13. Ne4 b6 14. Nxf6+ Nxf6 15. Bg5 Bb7 16. Bxf6 gxf6 17. Bc2 Rc8 18. Be4 Bxe4 19. Rxe4 Qd5 20. Rh4 Ng6 21. Rh3 Qe4 22. Qd2 Qf4 23. Qe1 Rfd8 24. Rd1 Rc2 25. b4 Rdc8 26.
Rg3 Rc1 27. Nd2 Rxd1 28. Qxd1 Qxd4 29. h3 Rd8 0-1

[Event "*** SCC Grand Prix: Titled Tuesday Blitz"]
[Site "Chess.com"]
[Date "2020.06.09"]
[Round "5"]
[White "BursaBBSatranc"]
[Black "rakshi2005"]
[Result "1-0"]
[WhiteElo "2520"]
[BlackElo "2335"]
[TimeControl "180+1"]
[EndTime "9:55:53 PDT"]
[Termination "BursaBBSatranc won by resignation"]

1. d4 Nf6 2. Bf4 g6 3. e3 Bg7 4.
Nf3 d6 5. h3 O-O 6. Be2 Nc6 7. O-O Nd7 8. c4 e5 9. Bh2 f5 10. Nc3 Kh8 11. a3 f4 12. dxe5 dxe5 13. exf4 exf4 14. Qc2 Nde5 15. Rad1 Qf6 16. Nxe5 Nxe5 17.
Nd5 Qf7 18. Nxf4 Bf5 19. Qb3 c6 20. Rfe1 Rae8 21. Bf1 Bh6 22. Rxe5 Bxf4 23. Bxf4 Rxe5 24. Bxe5+ Kg8 25. Qg3 Re8 26. Bc3 Be6 27. Qh4 Bf5 28.
Qd4 Kf8 29. Qh8+ Ke7 30. Bb4+ Ke6 31. Re1+ Kd7 32. Qxe8+ Qxe8 33. Rxe8 Kxe8 34. f4 1-0

[Event "*** SCC Grand Prix: Titled Tuesday Blitz"]
[Site "Chess.com"]
[Date "2020.06.09"]
[Round "5"]
[White "Micki-taryan"]
[Black "Lubov_Gordyk"]
[Result "1-0"]
[WhiteElo "3010"]
[BlackElo "2625"]
[TimeControl "180+1"]
[EndTime "9:55:54 PDT"]
[Termination "Micki-taryan won by resignation"]

1. b3 e5 2. Bb2 Nc6 3. e3 Nf6 4. Nf3 e4 5. Nd4 Bc5 6. Nxc6 dxc6 7. Be2 h5 8. h3 Qd5 9. Bxf6 gxf6 10. Nc3 Qe5 11. Rc1 Bb4 12. Nb1 Be6 13. a3 Be7 14. d4 exd3 15. cxd3 O-O-O 16. b4 h4 17. Nc3 f5 18. d4 Qg7 19. Bf3 f4 20. Qa4 fxe3 21. fxe3 Bg5 22. Nd1 Bxe3 23. Nxe3 Qxd4 24. Kf2 Qd2+ 25.
Be2 Rh6 26. Qxa7 Rf6+ 27. Kg1 Qxe2 28. Kh2 Qf2 29. Rhd1 Rd2 30. Rxd2 Qxd2 31. Qa8+ Kd7 32. Rd1 1-0

[Event "*** SCC Grand Prix: Titled Tuesday Blitz"]
[Site "Chess.com"]
[Date "2020.06.09"]
[Round "5"]
[White "TigranMukhutdinov"]
[Black "WildTricks"]
[Result "1-0"]
[WhiteElo "2481"]
[BlackElo "2504"]
[TimeControl "180+1"]
[EndTime "9:55:54 PDT"]
[Termination "TigranMukhutdinov won by resignation"]

1. Nf3 g6 2. g3 Bg7 3. d4 f5 4. Bg2 Nf6 5. O-O O-O 6. c4 d6 7. Nc3 Qe8 8. d5 Na6 9. a3 Bd7 10. Nd4 c6 11. b4 Rc8 12. dxc6 bxc6 13. Bb2 c5 14. Nc2 Qf7 15. b5 Nc7 16. Ne3 f4 17. gxf4 Nh5 18. Ned5 Nxd5 19. Bxd5 e6 20. Bf3 Nxf4 21.
Qxd6 Bd4 22. Rad1 Rcd8 23. Rxd4 cxd4 24. Qxd4 Bxb5 25. Nd5 Qd7 26. Qh8+ Kf7 27. Qxh7+ Ke8 28. Nc7+ Qxc7 29. Qxc7 Bd7 30. Bg7 Rf7 31. Rd1 Rxg7 32. Qxf4 Rf7 33. Qe5 Rf5 34. Qh8+ Ke7 35. Qh7+ Rf7 36.
Qh4+ Ke8 37. Bc6 g5 38. Qh8+ Ke7 39. Rxd7+ Rxd7 40. Bxd7 Kxd7 41. Qa8 Kd6 42. Qb8+ Kc5 43. Qe5+ Kc6 44. Qxe6+ 1-0

[Event "*** SCC Grand Prix: Titled Tuesday Blitz"]
[Site "Chess.com"]
[Date "2020.06.09"]
[Round "5"]
[White "northridgehawk"]
[Black "bulletteemo"]
[Result "0-1"]
[WhiteElo "2351"]
[BlackElo "2537"]
[TimeControl "180+1"]
[EndTime "9:55:56 PDT"]
[Termination "bulletteemo won by resignation"]

1. e4 c5 2. Nf3 e6 3. d4 cxd4 4. Nxd4 Nc6 5. c4 Nf6 6. Nc3 Bb4 7. Qd3 Bxc3+ 8. bxc3 d5 9. Nxc6 bxc6 10. e5 Ne4 11. Be2 Ba6 12. Qe3 Qa5 13. O-O Qxc3 14. Ba3 Qxe3 15. fxe3 c5 16. Bd3 Nd2 17. Rfc1 O-O 18. Bxc5 Rfc8 19. Bd4 Bxc4 20. Bxc4 Nxc4 21. Rab1 Rab8 22.
Rxb8 Rxb8 23. Bxa7 Ra8 24. Rb1 Nxe5 25. Bd4 Nc4 26.
Rb2 Nxb2 0-1

[Event "*** SCC Grand Prix: Titled Tuesday Blitz"]
[Site "Chess.com"]
[Date "2020.06.09"]
[Round "5"]
[White "Smile2005"]
[Black "anon569"]
[Result "1-0"]
[WhiteElo "2509"]
[BlackElo "2304"]
[TimeControl "180+1"]
[EndTime "9:55:56 PDT"]
[Termination "Smile2005 won by resignation"]

1. Nf3 Nf6 2. g3 g6 3. Bg2 Bg7 4. O-O O-O 5. d3 c5 6. Nc3 Nc6 7. e4 d6 8. Bg5 h6 9. Be3 e5 10. h3 Be6 11. Kh2 Nd4 12. Qd2 Kh7 13. Ng1 Nh5 14.
Nd5 f5 15. exf5 gxf5 16. f4 Rg8 17. c3 Nc6 18. Qe2 Nf6 19. Nxf6+ Bxf6 20. Qh5 Rg6 21. fxe5 Bxe5 22. Bf4 Qg8 23. Ne2 Re8 24. Rae1 Nd8 25. d4 Bxf4 26. Rxf4 Rg5 27. Qf3 Nf7 28. h4 Rg6 29.
Bh3 Kh8 30. Bxf5 Bxf5 31. Rxf5 Rge6 32. Rxf7 Rxe2+ 33. Rxe2 Rxe2+ 34. Kh3 Re6 35. Rf8 1-0

[Event "*** SCC Grand Prix: Titled Tuesday Blitz"]
[Site "Chess.com"]
[Date "2020.06.09"]
[Round "5"]
[White "gmmoranda"]
[Black "Bigfish1995"]
[Result "0-1"]
[WhiteElo "2785"]
[BlackElo "2993"]
[TimeControl "180+1"]
[EndTime "9:55:57 PDT"]
[Termination "Bigfish1995 won by resignation"]

1. d4 Nf6 2. c4 g6 3. Nc3 Bg7 4. e4 d6 5. f4 O-O 6. Nf3 Nc6 7. e5 dxe5 8. fxe5 Nh5 9. Be2 f6 10. exf6 exf6 11. O-O f5 12. d5 Ne7 13. Nd4 c6 14.
Bxh5 gxh5 15. Bg5 Qd6 16. Kh1 Ng6 17. b3 f4 18. Re1 Bg4 19. Qd2 f3 20. gxf3 Rxf3 21.
Ne4 Qf8 22. Ne6 Bxe6 23. dxe6 Bxa1 24. Qg2 Be5 25. e7 Qf5 26. Bh4 Re8 27. Nd2 Rf4 28.
Bg3 Rg4 0-1

[Event "*** SCC Grand Prix: Titled Tuesday Blitz"]
[Site "Chess.com"]
[Date "2020.06.09"]
[Round "5"]
[White "bugsbunny444"]
[Black "RobertoJBM"]
[Result "0-1"]
[WhiteElo "2498"]
[BlackElo "2733"]
[TimeControl "180+1"]
[EndTime "9:55:58 PDT"]
[Termination "RobertoJBM won on time"]

1. Nf3 d5 2. c4 c6 3. g3 dxc4 4. Bg2 b5 5. b3 cxb3 6. axb3 Bb7 7. Ba3 Nd7 8. d4 Ngf6 9. O-O e6 10. Bxf8 Nxf8 11.
Nbd2 N8d7 12. Qc2 O-O 13. e4 e5 14. Nxe5 Nxe5 15. dxe5 Ng4 16. Rfd1 Nxe5 17. Nc4 Qe7 18. Nd6 Rfd8 19. Qc5 Nd7 20. Qc3 Nb6 21. e5 Nd5 22. Bxd5 cxd5 23. Qd4 a6 24. f4 Rd7 25. Rac1 Rad8 26. Re1 g6 27. Qb6 Ba8 28. Qxa6 d4 29. Qxb5 Qe6 0-1

[Event "*** SCC Grand Prix: Titled Tuesday Blitz"]
[Site "Chess.com"]
[Date "2020.06.09"]
[Round "5"]
[White "Bastiandash"]
[Black "frankshar"]
[Result "1-0"]
[WhiteElo "2182"]
[BlackElo "2362"]
[TimeControl "180+1"]
[EndTime "9:55:58 PDT"]
[Termination "Bastiandash won by resignation"]

1. d4 Nf6 2. Nf3 e6 3. c3 d5 4. Bg5 c5 5. e3 Be7 6. Bd3 h6 7.
Bh4 O-O 8. Nbd2 Nc6 9. O-O b6 10. Ne5 Bb7 11. f4 Qc7 12. Qf3 Ne4 13. Bxe7 Nxd2 14. Qe2 Nxf1 15. Bxf8 Ng3 16. hxg3 Rxf8 17. Kf2 c4 18. Bc2 b5 19. g4 f5 20. Rh1 Nxe5 21. dxe5 fxg4 22. Qxg4 Qxe5 23. Rxh6 b4 24. Bh7+ Kf7 25.
fxe5 gxh6 26. Ke2 bxc3 27. bxc3 Rh8 28. Qg6+ Kf8 29. Qf6+ 1-0

[Event "*** SCC Grand Prix: Titled Tuesday Blitz"]
[Site "Chess.com"]
[Date "2020.06.09"]
[Round "5"]
[White "LyonBeast"]
[Black "Biranidun"]
[Result "1-0"]
[WhiteElo "2962"]
[BlackElo "2733"]
[TimeControl "180+1"]
[EndTime "9:56:00 PDT"]
[Termination "LyonBeast won by resignation"]

1. Nf3 Nf6 2. c4 g6 3. g3 Bg7 4. Bg2 O-O 5. O-O d6 6. d4 Nbd7 7. b3 e5 8. e3 Re8 9. Nc3 c6 10.
Ba3 e4 11. Nd2 d5 12. Rc1 a6 13. f3 Bh6 14. f4 Nf8 15. h3 Bg7 16. Kh2 h5 17.
Qe2 Bf5 18. cxd5 cxd5 19. Na4 Ne6 20. Nc5 Nxc5 21. Bxc5 Qd7 22. Rc2 Rac8 23. Rfc1 Rc6 24. Nb1 Rec8 25. Bb4 Bf8 26. Bxf8 Kxf8 27. Qd2 Ke8 28.
Nc3 Qc7 29. Bf1 Kd7 30. Be2 Be6 31. Bd1 b5 32. Nxb5 Qb6 33. Rxc6 Rxc6 34. Rxc6 Qxc6 35. Nc3 Ke8 36. Na4 Nd7 37. Be2 h4 38. gxh4 Kf8 39.
Qc3 Qd6 40. Nc5 Nf6 41. Qa5 Kg7 42. Qxa6 Qe7 43. Qb7 Qd8 44. Nxe6+ 1-0

[Event "*** SCC Grand Prix: Titled Tuesday Blitz"]
[Site "Chess.com"]
[Date "2020.06.09"]
[Round "5"]
[White "MFguimaraes"]
[Black "temus_galaktionov"]
[Result "1/2-1/2"]
[WhiteElo "2462"]
[BlackElo "2708"]
[TimeControl "180+1"]
[EndTime "9:56:02 PDT"]
[Termination "Game drawn by agreement"]

1. e4 c6 2. d4 g6 3. f4 Bg7 4.
Nf3 d6 5. Nc3 Nd7 6. Be3 e5 7. Bc4 Ngf6 8. dxe5 dxe5 9. Nxe5 Nxe5 10. Qxd8+ Kxd8 11. fxe5 Ng4 12. Bg5+ Kc7 13. Bf6 Nxf6 14.
exf6 Bxf6 15. Rf1 Bxc3+ 16. bxc3 f5 17. exf5 Bxf5 18. O-O-O Rad8 19. h3 Rxd1+ 20. Kxd1 Rd8+ 21. Kc1 Be4 22. g3 Rd7 23. h4 Bf5 24. h5 Kb6 25.
hxg6 Bxg6 26. Rf3 Kc5 27. Bd3 Rg7 28. Bxg6 Rxg6 29. Kd2 h6 30. Rf5+ Kc4 31. Rf4+ Kb5 32. Rb4+ Ka6 33. g4 b5 34. a4 Ka5 35. axb5 cxb5 36.
Rf4 Rc6 37. Rf5 Kb6 38. g5 hxg5 39. Rxg5 a5 40. Rg3 Rc4 41. Kc1 a4 42. Kb2 Ka5 43. Rg5 a3+ 44. Kxa3 Rxc3+ 45. Kb2 Rc4 46. Rf5 Ka4 47.
Rf8 Rh4 48. Ra8+ Kb4 49. Rb8 Rh2 50. Rg8 Ka4 51. Ra8+ Kb4 52. Rg8 Rf2 53. Rg4+ Kc5 54. Kb3 Rf3+ 55. c3 Rf5 56. Rh4 Kb6 57. Rg4 Ka5 58.
Rg8 Rf1 59. Ra8+ Kb6 60. Rb8+ Kc6 61. Rh8 Rb1+ 62. Kc2 Rg1 63. Kb3 Rg4 64. Rh6+ Kc5 65. Rh5+ Kb6 66. Rh6+ Ka5 67. Rh8 1/2-1/2

[Event "*** SCC Grand Prix: Titled Tuesday Blitz"]
[Site "Chess.com"]
[Date "2020.06.09"]
[Round "5"]
[White "picturesquecheck"]
[Black "JoachimMouhamad"]
[Result "0-1"]
[WhiteElo "2124"]
[BlackElo "2475"]
[TimeControl "180+1"]
[EndTime "9:56:03 PDT"]
[Termination "JoachimMouhamad won by resignation"]

1. e4 e5 2. Nf3 Nc6 3. Bb5 a6 4. Ba4 Nf6 5. O-O Be7 6. Re1 b5 7. Bb3 d6 8. c3 O-O 9. h3 Nb8 10. d4 Nbd7 11. a4 Bb7 12. Nbd2 c5 13. d5 c4 14. Bc2 Nc5 15. axb5 axb5 16. Rxa8 Qxa8 17.
Nf1 Bc8 18. Ng3 Bd7 19. Be3 Rc8 20. Qa1 Na4 21. Nh4 g6 22. Nf3 Be8 23. Nd2 Nd7 24. Ngf1 Ndc5 25. Bxc5 Nxc5 26. g3 Bd7 27. h4 f5 28.
exf5 Bxf5 29. Bxf5 gxf5 30. Ne3 Rf8 31. Qxa8 Rxa8 32.
Nxf5 Bf8 33. Ne4 Nd3 34. Re2 Ra6 35. h5 h6 36. Kg2 Kf7 37. Rd2 Ke8 38. f3 Kd7 39.
Nf2 Ne1+ 40. Kh3 Nxf3 41. Re2 Ng1+ 0-1

[Event "*** SCC Grand Prix: Titled Tuesday Blitz"]
[Site "Chess.com"]
[Date "2020.06.09"]
[Round "5"]
[White "vitnik2020"]
[Black "chesstrainer2042"]
[Result "1-0"]
[WhiteElo "2307"]
[BlackElo "2452"]
[TimeControl "180+1"]
[EndTime "9:56:05 PDT"]
[Termination "vitnik2020 won by resignation"]

1. e4 e5 2. Nf3 Nc6 3. Bb5 a6 4.
Ba4 Nf6 5. d3 b5 6. Bb3 Bc5 7. Nc3 d6 8. Nd5 h6 9. c3 Ba7 10. O-O Rb8 11. a4 b4 12. a5 Nxd5 13.
Bxd5 Ne7 14. Bc4 bxc3 15. bxc3 O-O 16. Be3 Bxe3 17. fxe3 Ra8 18. Nh4 d5 19. exd5 Nxd5 20. Qh5 Be6 21. Qxe5 Re8 22. Nf5 f6 23. Qg3 Bxf5 24.
Rxf5 c6 25. e4 Qd7 26. Raf1 Qa7+ 27. Kh1 Kh8 28. exd5 cxd5 29. Bxd5 Re3 30. R5f3 Rae8 31.
Be4 Re2 32. Qg6 R8xe4 33. dxe4 Qb8 34. Rg3 Qc7 35. h3 Ra2 36. Rxf6 Ra1+ 37. Kh2 Qe7 38. Rf7 1-0

[Event "*** SCC Grand Prix: Titled Tuesday Blitz"]
[Site "Chess.com"]
[Date "2020.06.09"]
[Round "5"]
[White "Rish_97"]
[Black "ajian"]
[Result "1-0"]
[WhiteElo "2690"]
[BlackElo "2450"]
[TimeControl "180+1"]
[EndTime "9:56:06 PDT"]
[Termination "Rish_97 won by resignation"]

1. e4 c5 2. Nf3 Nc6 3. d4 cxd4 4.
Nxd4 Nf6 5. Nc3 e5 6. Ndb5 d6 7. Nd5 Nxd5 8. exd5 Nb8 9. Be2 Be7 10. a4 O-O 11.
O-O a6 12. Na3 f5 13. f4 Nd7 14. Nc4 Nb6 15. fxe5 dxe5 16. Nxe5 Qxd5 17. Bc4 Bc5+ 18. Kh1 Be6 19. Bxd5 Nxd5 20. Nd7 Rfc8 21. Nxc5 Rxc5 22.
c3 h6 23. Qd4 Rac8 24. Bd2 Rc4 25. Qd3 Nf6 26. Rae1 Ne4 27. a5 R8c7 28. Be3 Rd7 29. Bd4 Rc8 30. Qf3 Nd2 31. Qe3 Ne4 32. Rf4 Bd5 33.
Rxf5 Re8 34. Re5 Rxe5 35. Bxe5 Rf7 36. h3 Rf2 37. Qd4 1-0

[Event "*** SCC Grand Prix: Titled Tuesday Blitz"]
[Site "Chess.com"]
[Date "2020.06.09"]
[Round "5"]
[White "Xeniya2005"]
[Black "Maksimus1998"]
[Result "1-0"]
[WhiteElo "2317"]
[BlackElo "2508"]
[TimeControl "180+1"]
[EndTime "9:56:07 PDT"]
[Termination "Xeniya2005 won by resignation"]

1. e4 d5 2. exd5 Nf6 3. d4 Nxd5 4. c4 Nb6 5. Nc3 c6 6. Be3 Bf5 7. Rc1 e6 8. Bd3 Bxd3 9. Qxd3 Be7 10. Nge2 O-O 11. O-O N8d7 12. b3 Nf6 13. Rcd1 h6 14.
h3 Re8 15. Rfe1 Bb4 16. Qc2 a5 17. Rd3 a4 18. Red1 axb3 19. axb3 Qc7 20. Bf4 Qe7 21. Ng3 Ra3 22. Nce4 Nxe4 23. Nxe4 Rea8 24. Rg3 Kh8 25. Be5 Rg8 26. Qc1 Kh7 27. Rxg7+ Rxg7 28. Nf6+ Qxf6 29. Bxf6 Rg6 30. Be5 Nd7 31. Qf4 f6 32. Bd6 Rxb3 33. Bxb4 Rxb4 34. Qd6 1-0

[Event "*** SCC Grand Prix: Titled Tuesday Blitz"]
[Site "Chess.com"]
[Date "2020.06.09"]
[Round "5"]
[White "tan275"]
[Black "Irishchessman16"]
[Result "0-1"]
[WhiteElo "2190"]
[BlackElo "2459"]
[TimeControl "180+1"]
[EndTime "9:56:07 PDT"]
[Termination "Irishchessman16 won by checkmate"]

1. d4 f5 2. Nf3 Nf6 3. g3 g6 4.
Bg2 Bg7 5. O-O O-O 6. b3 d6 7. Bb2 c6 8. Nbd2 Qc7 9. a4 Na6 10. Nc4 Ne4 11. Nfd2 d5 12. Ne5 Nd6 13. Ndf3 f4 14.
c4 dxc4 15. bxc4 Kh8 16. Ng5 Bf5 17. c5 Ne8 18. gxf4 h6 19. Ngf7+ Kg8 20. e4 Be6 21.
Nxh6+ Bxh6 22. Nxg6 Rxf4 23. Nxf4 Qxf4 24. d5 Bg4 25. f3 Bh5 26. Kh1 Bg7 27. Bxg7 Nxg7 28.
Rg1 Rf8 29. d6 Nxc5 30. dxe7 Re8 31. Qc1 Qxc1 32. Rgxc1 Nd3 33. Rc3 Nf4 34. Rb1 Rxe7 35. Rc5 Nge6 36. Re5 Rg7 37. Bf1 Bxf3+ 38. Bg2 Bxg2+ 39. Kg1 Nh3# 0-1

[Event "*** SCC Grand Prix: Titled Tuesday Blitz"]
[Site "Chess.com"]
[Date "2020.06.09"]
[Round "5"]
[White "AlexOstrovskiy"]
[Black "awesomevishesh"]
[Result "1-0"]
[WhiteElo "2587"]
[BlackElo "2417"]
[TimeControl "180+1"]
[EndTime "9:56:08 PDT"]
[Termination "AlexOstrovskiy won by resignation"]

1. d4 Nf6 2. Bf4 d5 3. e3 e6 4. Nd2 c5 5. c3 Bd6 6. Bb5+ Nc6 7. Bg3 O-O 8. Ngf3 Qc7 9. dxc5 Bxg3 10. hxg3 Ne7 11. b4 b6 12. Nb3 e5 13. Rc1 Bg4 14. Be2 Rfd8 15. O-O Nf5 16. a4 Ne4 17. Nfd2 Bxe2 18.
Qxe2 Nxd2 19. Qxd2 h5 20. Rfd1 g6 21. Qe2 Kg7 22.
a5 bxa5 23. Nxa5 Rab8 24. e4 dxe4 25. Qxe4 Rxd1+ 26. Rxd1 f6 27. Qc6 Qxc6 28. Nxc6 Rb7 29. Nd8 Re7 30. b5 e4 31. b6 axb6 32. cxb6 e3 33.
fxe3 Nxe3 34. Re1 Rd7 35. Ne6+ Kf7 36. Rxe3 Re7 37. Nd8+ Ke8 38. Rxe7+ Kxe7 39. b7 Kxd8 40. b8=Q+ Kd7 41. c4 1-0

[Event "*** SCC Grand Prix: Titled Tuesday Blitz"]
[Site "Chess.com"]
[Date "2020.06.09"]
[Round "5"]
[White "fabianvivasz"]
[Black "kingofkolkata"]
[Result "1-0"]
[WhiteElo "2281"]
[BlackElo "2178"]
[TimeControl "180+1"]
[EndTime "9:56:09 PDT"]
[Termination "fabianvivasz won by resignation"]

1. e4 e5 2. Nf3 Nc6 3. d4 exd4 4. Bc4 Nf6 5. e5 d5 6. Bb5 Ne4 7. Nxd4 Bd7 8. Bxc6 bxc6 9. O-O Bc5 10. f3 Ng5 11. f4 Ne4 12. Be3 O-O 13. Nd2 Nxd2 14. Qxd2 f6 15. Nb3 Bb6 16. Bc5 Re8 17. Rae1 fxe5 18.
fxe5 a5 19. a4 Rb8 20. Kh1 Re6 21. Rf8+ Qxf8 22. Bxf8 Rxf8 23. h3 Rh6 24. Nd4 c5 25. e6 Bc8 26. e7 Re8 27. Nf5 Bxf5 28. Qxd5+ Kh8 29. Qxf5 Rf6 30. Qd7 Rxe7 31. Qd8+ 1-0

[Event "*** SCC Grand Prix: Titled Tuesday Blitz"]
[Site "Chess.com"]
[Date "2020.06.09"]
[Round "5"]
[White "sonicdravise"]
[Black "Kislov_Oleg"]
[Result "1-0"]
[WhiteElo "2558"]
[BlackElo "2395"]
[TimeControl "180+1"]
[EndTime "9:56:11 PDT"]
[Termination "sonicdravise won by resignation"]

1. Nf3 d5 2. c4 e6 3. g3 Nf6 4. Bg2 Be7 5. O-O O-O 6. b3 c5 7. e3 Nc6 8. Bb2 d4 9. exd4 cxd4 10. d3 e5 11. Nbd2 Bf5 12. Ne1 a5 13. a3 Nd7 14. Ne4 Nc5 15. Nxc5 Bxc5 16. Bc1 Re8 17. Ra2 Qd6 18. Qe2 Re7 19. Nc2 Rae8 20. Be4 Bxe4 21. Qxe4 g6 22. Bd2 f5 23. Qd5+ Kg7 24. b4 axb4 25. axb4 Qxd5 26. cxd5 Bd6 27. dxc6 bxc6 28. f4 exf4 29. Bxf4 Bxf4 30. Rxf4 Re2 31. Rf2 Kf6 32. Kf1 Rxf2+ 33. Kxf2 Ke5 34. Ra5+ Kd6 35. Nxd4 Rb8 36. Ra4 Kd5 37. Nc2 g5 38. Ra5+ Ke6 39. Nd4+ Kf6 40.
Nxc6 Rc8 41. b5 h5 42. d4 h4 43. d5 h3 44. Ra3 f4 45. gxf4 g4 46. b6 1-0